 Dungeon Crawl Stone Soup version 0.17-a0-1295-gefc790a (webtiles) character file.

3288 MonkeyBuisness the Protected (level 9, 0/83 HPs)
             Began as a Minotaur Fighter on June 7, 2015.
             Succumbed to an orc wizard's poison
             ... on level 7 of the Dungeon.
             The game lasted 00:12:41 (6844 turns).

MonkeyBuisness the Protected (Minotaur Fighter)     Turns: 6844, Time: 00:12:42

Health: 0/83       AC: 10    Str: 29    XL:     9   Next: 69%
Magic:  8/8        EV: 13    Int:  5    God:
Gold:   325        SH:  0    Dex: 10    Spells: 0 memorised, 8 levels left

rFire  . . .     SeeInvis .     a - +0 war axe
rCold  . . .     Clarity  .     b - +0 scale mail
rNeg   . . .     SustAt   .     (no shield)
rPois  .         Gourm    .     (helmet restricted)
rElec  .         Spirit   .     y - +1 cloak
rCorr  .         Warding  .     (no gloves)
rMut   .         Stasis   .     (no boots)
MR     .....                    (no amulet)
Stlth  ..........               (no ring)
                                (no ring)

@: mighty, lethally poisoned (0 -> -38), not resistant to hostile enchantments,
extremely unstealthy
A: retaliatory headbutt, horns 2
a: no special abilities


You were on level 7 of the Dungeon.
You were hungry.

You visited 1 branch of the dungeon, and saw 9 of its levels.
You also visited: Sewer.

You collected 325 gold pieces.

Inventory:

Hand weapons
 a - a +0 war axe (weapon)
Armour
 b - a +0 scale mail (worn)
 y - a +1 cloak (worn)
   (You found it on level 5 of the Dungeon)
Jewellery
 f - an uncursed ring of stealth {unknown}
   (You found it on level 1 of the Dungeon)
 k - a cursed amulet of inaccuracy {unknown}
   (You found it on level 4 of the Dungeon)
 q - a cursed ring of teleportation {unknown}
   (You found it on level 2 of the Dungeon)
 s - a +3 ring of strength {unknown}
   (You found it on level 2 of the Dungeon)
 A - an uncursed ring of invisibility {unknown}
   (You found it on level 8 of the Dungeon)
Magical devices
 h - a wand of digging (14)
   (You found it on level 5 of the Dungeon)
 B - a wand of random effects (30)
   (You found it on level 6 of the Dungeon)
 D - a wand of fire (3)
   (You found it on level 8 of the Dungeon)
Scrolls
 g - 2 scrolls of recharging
 i - 3 scrolls of blinking {!r}
 j - 8 scrolls of remove curse
 n - 2 scrolls of enchant armour {unknown}
 o - 3 scrolls of amnesia
 p - 4 scrolls of immolation {!r}
 r - 3 scrolls of teleportation
 u - 5 scrolls of identify
 v - 2 scrolls of magic mapping {unknown}
 C - a scroll of fear {unknown}
Potions
 d - 2 potions of might
 l - 2 potions of lignification {unknown}
 m - a potion of agility {unknown}
 t - 3 potions of curing {unknown}
 w - a potion of cancellation {unknown}
 z - a potion of ambrosia {unknown}
Comestibles
 c - 2 meat rations {@e2}
 e - 4 bread rations {@e1}
 x - a royal jelly


   Skills:
 + Level 9.0 Fighting
 + Level 8.5 Axes
 + Level 9.1 Armour
 + Level 7.5 Dodging
   Level 3.6 Shields


You had 8 spell levels left.
You didn't know any spells.

Dungeon Overview and Level Annotations

Branches:
Dungeon (9/15)
 Temple: D:4-7         Lair: D:8-11         Orc: D:9-12

Altars:
Dithmenos
Elyvilon
The Shining One


Innate Abilities, Weirdness & Mutations

You reflexively headbutt those who attack you in melee.
You have a pair of horns on your head.


Message History

You slice Geomchi's ghost!! You hit the orc wizard. You slash the orc warrior!
You barely miss the orc.
You feel sick. The orc hits you with a flail.
The orc wizard hits you with a dagger of venom.
The orc warrior hits you but does no damage.
Geomchi's ghost hits you but does no damage.
You take 6 damage, and have 55/82 hp.
You hit Geomchi's ghost but do no damage.
Your headbutt misses Geomchi's ghost.
Your scale mail prevents you from hitting the orc wizard.
You hit the orc warrior. You slash the orc!
You kill the orc!
Your Dodging skill increases to level 7!
You feel sick.
The orc wizard hits you with a dagger of venom.
You are more poisoned.
The giant frog closely misses you. You furiously retaliate!
You headbutt the giant frog, but do no damage.
Geomchi's ghost hits you.
The orc warrior hits you but does no damage.
You take 12 damage, and have 43/82 hp.
You hit Geomchi's ghost. You slash the giant frog!
You barely miss the orc warrior.
Your scale mail prevents you from hitting the orc wizard.
You feel sick.
The giant frog hits you but does no damage.
The orc wizard hits you with a dagger of venom.
You are more poisoned.
Geomchi's ghost closely misses you. The orc warrior barely misses you.
The giant frog closely misses you.
You take 5 damage, and have 38/82 hp.
You hit Geomchi's ghost but do no damage.
You hit the orc wizard. You barely miss the orc warrior.
You hit the giant frog.
You feel very sick.
The orc wizard hits you but does no damage.
You are more poisoned.
The giant frog hits you. Geomchi's ghost barely misses you.
You take 6 damage, and have 32/82 hp.
You hit Geomchi's ghost. You closely miss the giant frog.
You hit the orc warrior but do no damage.
You hit the orc wizard.
You feel very sick. The giant frog hits you.
* * * LOW HITPOINT WARNING * * *
The orc warrior misses you.
The orc wizard hits you but does no damage.
You are more poisoned.
Geomchi's ghost hits you but does no damage.
The giant frog misses you. You furiously retaliate!
You headbutt the giant frog!
You take 8 damage, and have 24/82 hp.
You feel very mighty all of a sudden.
* * * LOW HITPOINT WARNING * * *
You feel very sick. The giant frog closely misses you.
The orc warrior closely misses you.
The orc wizard mumbles some strange words.
The orc wizard flickers and vanishes!
Deactivating autopickup; reactivate with Ctrl-A.
Geomchi's ghost barely misses you. You furiously retaliate!
You headbutt Geomchi's ghost.
You take 3 damage, and have 21/82 hp.
You barely miss Geomchi's ghost. You slash the giant frog!
You kill the giant frog!
You hit the orc warrior. You miss something.
* * * LOW HITPOINT WARNING * * *
You feel very sick. Something hits you.
* * * LOW HITPOINT WARNING * * *
You are more poisoned.
The orc warrior closely misses you. Geomchi's ghost barely misses you.
You furiously retaliate!
You headbutt Geomchi's ghost!
You take 7 damage, and have 14/82 hp.
You slice Geomchi's ghost!!
You destroy Geomchi's ghost!
Your Axes skill increases to level 8!
Your Armour skill increases to level 9!
You slash the rat!
You kill the rat!
You slash the orc warrior! You closely miss something.
* * * LOW HITPOINT WARNING * * *
You feel very sick. Something hits you but does no damage.
The orc warrior misses you.
You take 2 damage, and have 12/82 hp.
You slice the orc warrior!!
You kill the orc warrior!
You slash something!
* * * LOW HITPOINT WARNING * * *
You feel very sick. Something hits you.
* * * LOW HITPOINT WARNING * * *
You are more poisoned.
You hear some strange, mumbled words.
A magic dart appears from out of thin air!
The magic dart hits you!
* * * LOW HITPOINT WARNING * * *
You take 9 damage, and have 3/82 hp.
You slash something!
Reactivating autopickup.
Your Fighting skill increases to level 9!
You feel a bit more experienced.
You die...

#### ###...##
##......# ##
........####....
......†).....#
...$..)@>#
......)..#
.........#
..........
..........#
...?......#
..........#
##........#


There were no monsters in sight!

Vanquished Creatures
  The ghost of Geomchi the Martial Artist, an experienced OpMo of Cheibriados (D:7)
  Grinder (D:6)
  Sigmund (D:2)
  A basilisk (D:8)
  2 hippogriffs (D:8)
  A water moccasin (D:8)
  An ice beast (D:6)
  4 orc warriors
  2 ogres (D:8)
  A phantom (D:3)
  A big kobold (D:8)
  The ghost of ShansongY the Conjurer, an average DEWz (D:3)
  A centaur (D:6)
  3 giant frogs
  4 crimson imps
  A giant frog zombie (D:6)
  A jelly (D:6)
  2 hounds
  2 orc wizards
  An iguana (D:8)
  Jessica (D:2)
  A worker ant (D:6)
  A gnoll (D:1)
  3 shadow imps
  13 adders
  12 oozes
  6 adder zombies
  3 worms
  19 giant geckos
  20 orcs
  9 goblins
  8 hobgoblins
  8 jackals
  2 quokkas
  17 ball pythons
  14 bats
  17 giant cockroaches
  15 giant newts
  20 kobolds
  A quokka skeleton (D:6)
  13 rats
235 creatures vanquished.

Notes
Turn   | Place    | Note
--------------------------------------------------------------
     0 | D:1      | MonkeyBuisness the Minotaur Fighter began the quest for the Orb.
     0 | D:1      | Reached XP level 1. HP: 19/19 MP: 0/0
   174 | D:1      | Reached XP level 2. HP: 25/27 MP: 1/1
   244 | D:1      | Reached skill level 4 in Fighting
   244 | D:1      | Reached skill level 4 in Armour
   244 | D:1      | Reached skill level 1 in Dodging
   357 | D:1      | Reached XP level 3. HP: 33/33 MP: 2/2
   620 | D:1      | Reached skill level 3 in Axes
   872 | D:2      | Noticed Jessica
   879 | D:2      | Killed Jessica
   879 | D:2      | Reached XP level 4. HP: 30/40 MP: 3/3
  1117 | D:2      | Reached skill level 2 in Dodging
  1146 | D:2      | Noticed Sigmund
  1157 | D:2      | Killed Sigmund
  1157 | D:2      | Reached skill level 5 in Fighting
  1157 | D:2      | Reached skill level 4 in Axes
  1157 | D:2      | Reached skill level 5 in Armour
  1157 | D:2      | Reached XP level 5. HP: 42/48 MP: 4/4
  1455 | D:3      | Noticed ShansongY's ghost (average DEWz)
  1461 | D:3      | Killed ShansongY's ghost
  1461 | D:3      | Reached skill level 3 in Dodging
  1461 | D:3      | Reached XP level 6. HP: 30/56 MP: 5/5
  1693 | D:3      | Found a glowing drain.
  1715 | Sewer    | Entered a sewer
  2203 | Sewer    | Reached skill level 4 in Dodging
  2203 | Sewer    | Reached XP level 7. HP: 53/62 MP: 6/6
  2205 | Sewer    | Reached skill level 5 in Axes
  2205 | Sewer    | Reached skill level 6 in Armour
  2253 | D:3      | Found a white marble altar of Elyvilon.
  2468 | D:3      | Noticed a phantom
  2486 | D:3      | Killed a phantom
  2486 | D:3      | Reached skill level 6 in Fighting
  3524 | D:5      | Entered Level 5 of the Dungeon
  3851 | D:5      | Found a shadowy altar of Dithmenos.
  4082 | D:6      | Noticed Grinder
  4095 | D:6      | Paralysed by Grinder for 4 turns
  4099 | D:6      | Killed Grinder
  4099 | D:6      | Reached skill level 6 in Axes
  4099 | D:6      | Reached skill level 5 in Dodging
  4099 | D:6      | Reached XP level 8. HP: 45/71 MP: 7/7
  4259 | D:6      | Reached skill level 7 in Armour
  4283 | D:6      | Reached skill level 7 in Fighting
  4845 | D:6      | Found a shadowy altar of Dithmenos.
  4851 | D:6      | Found a glowing golden altar of the Shining One.
  5162 | D:6      | You fall through a shaft for 2 floors!
  5211 | D:8      | Reached skill level 6 in Dodging
  5246 | D:8      | Reached skill level 7 in Axes
  5264 | D:8      | Reached skill level 8 in Armour
  5265 | D:8      | Reached XP level 9. HP: 29/81 MP: 8/8
  5724 | D:8      | Reached skill level 8 in Fighting
  6829 | D:7      | Noticed Geomchi's ghost (experienced OpMo)
  6836 | D:7      | Reached skill level 7 in Dodging
  6841 | D:7      | HP: 17/82 [poisoned by an orc wizard]
  6842 | D:7      | Killed Geomchi's ghost
  6842 | D:7      | Reached skill level 8 in Axes
  6842 | D:7      | Reached skill level 9 in Armour
  6843 | D:7      | HP: 8/82 [poisoned by an orc wizard]
  6843 | D:7      | HP: 3/82 [something/magic dart (4)]
  6844 | D:7      | Reached skill level 9 in Fighting
  6844 | D:7      | Succumbed to an orc wizard's poison

Vault maps used:
D:1:      dpeg_arrival_round_a
D:2:      minmay_shallow_snake_nest, uniq_jessica, uniq_sigmund
D:3:      gup_sewer_entry_glass, elyvilon_altar_4
D:4:      first_bread
D:5:      grunt_dithmenos_shadows
D:6:      amethyst_overflow_temple_binary, temple_hall_moat, uniq_grinder
D:7:      item_on_display_a
D:8:      minmay_diamond_stairs, uniq_gastronok
D:9:      lightli_temple_of_fire, lair_0_dummy, hiddenorc2_lemuel
Sewer:    sewer_frog_island_02

Action                   |  1- 3 |  4- 6 |  7- 9 || total
-------------------------+-------+-------+-------++-------
Melee: War axe           |    57 |   235 |   251 ||   543
  Use: Scroll            |       |     4 |     3 ||     7
       Potion            |       |       |     2 ||     2
  Eat: Bread ration      |       |     1 |       ||     1
       Royal jelly       |       |     1 |       ||     1
       Beef jerky        |       |     1 |       ||     1
       Fruit             |       |       |     9 ||     9
       Pizza             |       |       |     1 ||     1
       Chunk             |       |       |     2 ||     2

Vault maps used:
D:1:      dpeg_arrival_round_a
D:2:      minmay_shallow_snake_nest, uniq_jessica, uniq_sigmund
D:3:      gup_sewer_entry_glass, elyvilon_altar_4
D:4:      first_bread
D:5:      grunt_dithmenos_shadows
D:6:      amethyst_overflow_temple_binary, temple_hall_moat, uniq_grinder
D:7:      item_on_display_a
D:8:      minmay_diamond_stairs, uniq_gastronok
D:9:      lightli_temple_of_fire, lair_0_dummy, hiddenorc2_lemuel
Sewer:    sewer_frog_island_02

Table legend:
 A = Turns spent in this place as a percentage of turns spent in the entire game.
 B = Non-inter-level travel turns spent in this place as a percentage of non-inter-level travel turns spent in the entire game.
 C = Inter-level travel turns spent in this place as a percentage of turns spent in this place.
 D = Turns resting spent in this place as a percentage of non-inter-level travel turns spent in this place.
 E = Turns spent auto-exploring this place as a percentage of non-inter-level travel turns spent in this place.
 F = Non-inter-level travel turns spent in this place divided by the number of levels of this place that you've seen.
                   A       B       C       D       E      F
               +-------+-------+-------+-------+-------+----------------------
         Total | 100.0 | 100.0 |   0.4 |   2.1 |  12.4 | 205.5
       Dungeon |  76.7 |  76.6 |   0.5 |   2.5 |  14.2 | 174.9
         Sewer |  23.3 |  23.4 |   0.0 |   1.0 |   6.2 | 481.0
               +-------+-------+-------+-------+-------+----------------------

Table legend:
 A = Kills in this place as a percentage of kills in entire the game.
 B = Kills by you in this place as a percentage of kills by you in the entire game.
 C = Kills by friends in this place as a percentage of kills by friends in the entire game.
 D = Other kills in this place as a percentage of other kills in the entire game.
 E = Experience gained in this place as a percentage of experience gained in the entire game.
 F = Experience gained in this place divided by the number of levels of this place that you have seen.
                   A       B       C       D       E      F
               +-------+-------+-------+-------+-------+----------------------
         Total | 100.0 | 100.0 |  -nan |  -nan | 100.0 | 469.8
       Dungeon |  73.6 |  73.6 |  -nan |  -nan |  91.5 | 477.8
         Sewer |  26.4 |  26.4 |  -nan |  -nan |   8.5 | 398.0
               +-------+-------+-------+-------+-------+----------------------
